 Dungeon Crawl Stone Soup version 0.30-a0-618-gd6c86c23d0 (webtiles) character file.

Game seed: 15360301426160131498

419 themarg the Insei (level 6, -4/70 HPs)
             Began as a Gnoll Transmuter on Jan 9, 2023.
             Slain by a scorpion (7 damage)
             ... on level 5 of the Dungeon.
             The game lasted 00:06:21 (2970 turns).

themarg the Insei (Gnoll Transmuter)                Turns: 2970, Time: 00:06:21

Health: -4/70      AC:  2    Str:  7 (9)  XL:     6   Next: 93%
Magic:  8/14       EV: 22    Int: 13 (15) God:
Gold:   323        SH:  0    Dex: 16 (17) Spells: 11/16 levels left

rFire   . . .      SeeInvis .      - Unarmed
rCold   . . .      Faith    .    (shield currently unavailable)
rNeg    . . .      Spirit   .    (body armour currently unavailable)
rPois   x          Reflect  .    (helmet currently unavailable)
rElec   .          Harm     .    (cloak currently unavailable)
rCorr   .          Rampage  .    (gloves currently unavailable)
Will    .....                    (boots currently unavailable) Stlth
                                 (no amulet)
HPRegen 0.31/turn                (no ring)
MPRegen 0.14/turn                (no ring)

@: berserking, lethally poisoned (-4 -> -14), spider-form, very quick
A: venomous fangs, tiny, (fangs 1), strong nose, distributed training
a: End Transformation


You were on level 5 of the Dungeon.
You were a venomous arachnid creature.
You visited 1 branch of the dungeon, and saw 7 of its levels.

You collected 323 gold pieces.

Inventory:

Missiles
 g - 45 stones
 u - 4 poisoned darts
Armour
 a - a +0 robe
 d - a +0 pair of gloves (melded)
 w - the +3 leather armour of the Ferocious God (melded) {rElec rPois rF+}
   (You found it on level 6 of the Dungeon)

   rF:        It protects you from fire.
   rElec:     It insulates you from electricity.
   rPois:     It protects you from poison.
 y - a +0 helmet
Jewellery
 v - a +6 ring of intelligence
 x - a ring of see invisible
Wands
 s - a wand of polymorph (10)
Scrolls
 e - a scroll of poison {unknown}
 i - a scroll of teleportation
 j - a scroll of immolation {unknown}
 l - a scroll of acquirement {unknown}
 m - a scroll of identify {unknown}
 p - a scroll of amnesia
 q - a scroll of silence {unknown}
Potions
 b - a potion of lignification
 c - a potion of degeneration
 f - a potion of berserk rage
 h - a potion of might {unknown}
 k - 2 potions of flight {unknown}
 n - a potion of cancellation {unknown}
 o - a potion of brilliance {unknown}
 r - a potion of ambrosia {unknown}
 t - a potion of mutation {unknown}


   Skills:
 + Level 3.4 Fighting
 + Level 2.2 Short Blades
 + Level 2.2 Long Blades
 + Level 2.2 Axes
 + Level 2.2 Maces & Flails
 + Level 2.2 Polearms
 + Level 2.2 Staves
 + Level 2.2 Ranged Weapons
 + Level 2.2 Throwing
 + Level 2.2 Armour
 + Level 5.1 Dodging
 + Level 2.2 Stealth
 + Level 2.2 Shields
 + Level 6.9 Unarmed Combat
 + Level 5.5 Spellcasting
 + Level 1.8 Conjurations
 + Level 1.8 Hexes
 + Level 1.8 Summonings
 + Level 1.8 Necromancy
 + Level 1.8 Translocations
 + Level 4.2 Transmutations
 + Level 1.8 Fire Magic
 + Level 1.8 Ice Magic
 + Level 1.8 Air Magic
 + Level 1.8 Earth Magic
 + Level 1.8 Poison Magic
 + Level 2.5 Invocations
 + Level 2.2 Evocations


You had 11 spell levels left.
You knew the following spells:

 Your Spells              Type           Power      Damage    Failure   Level
b - Wereblood             Tmut           14%        N/A       14%         2
c - Spider Form           Tmut/Pois      11%        N/A       34%         3

Your spell library contained the following spells:

 Spells                   Type           Power      Damage    Failure   Level
 Beastly Appendage        Tmut           28%        N/A       11%         1
 Ensorcelled Hibernation  Hex/Ice        16%        N/A       30%         2
 Ice Form                 Ice/Tmut       11%        N/A       67%         4
 Anguish                  Hex/Necr       4%         N/A       82%         4
 Manifold Assault         Tloc           8%         N/A       82%         4
 Dispersal                Tloc           4%         N/A       100%        6
 Disjunction              Tloc           4%         N/A       100%        8


Dungeon Overview and Level Annotations

Branches:
Dungeon (7/15)
 Temple: D:4-7

Altars:
Xom


Innate Abilities, Weirdness & Mutations

You are a venomous arachnid creature.
You have venomous fangs.
You are tiny and dextrous.
Your spellcasting is less reliable in this form.
Your armour is entirely melded.
You are incapable of wielding weapons or throwing items.
((You have very sharp teeth.))
Your uncanny sense of smell can sniff out nearby items.
Your experience applies equally to all skills.


Message History

You are no longer poisoned.
Okay, then.
Found 2 stones and a +6 ring of intelligence.
Found a stone staircase leading down.
The sentinel's mark upon you fades away.
You turn into a venomous arachnid creature.
Your +0 pair of gloves melds into your body.
The +3 leather armour of the Ferocious God {rElec rPois rF+} melds into your body.
The adder bites you.
You are poisoned.
The adder poisons you! The scorpion misses you.
You hit the adder.
The adder is poisoned.
The adder is moderately wounded.
You feel very sick. The adder misses you. The scorpion misses you.
You bite the adder!
You kill the adder!
You feel very sick. The scorpion stings you.
* * * LOW HITPOINT WARNING * * *
You are lethally poisoned!
The scorpion poisons you!
You hit the scorpion.
The scorpion is poisoned.
The scorpion is lightly wounded.
* * * LOW HITPOINT WARNING * * *
You feel very sick. The scorpion misses you.
It was a potion of degeneration.
There was something very wrong with that liquid.
You feel weakened.
You feel dopey.
You feel clumsy.
* * * LOW HITPOINT WARNING * * *
You feel very sick. The scorpion closely misses you.
It was a potion of berserk rage.
A red film seems to cover your vision as you go berserk!
You feel yourself moving faster!
You feel mighty!
* * * LOW HITPOINT WARNING * * *
You feel very sick. The scorpion stings you!
You die...

.. ... ######
#..####.... #
#..#........ =##
#...##.#..........##..>#
....#........#.......(.#
.......##....#......#
........#...##..s.#
....^..###.....s..#
....#.........Wo.###.
...###....>...........
....#..#...J........##
/......#.....##.....#
.....W........#....##
....................#
....................#


You could see a phantom, a scorpion (very poisoned), a jelly and an orc.

Vanquished Creatures
  A sky beast (D:5)
  A scorpion (D:6)
  2 hounds (D:5)
  A jelly (D:5)
  Jessica (D:3)
  An orc wizard (D:5)
  6 adders
  An ufetubus (D:5)
  A worm (D:3)
  A dart slug (D:2)
  3 orcs (D:5)
  3 bats
  4 endoplasms
  3 giant cockroaches
  5 goblins
  4 hobgoblins
  7 jackals
  3 ball pythons
  4 frilled lizards
  7 kobolds
  6 rats
65 creatures vanquished.

Notes
Turn   | Place    | Note
-------+----------+-------------------------------------------
     0 | D:1      | themarg the Gnoll Transmuter began the quest for the Orb.
     0 | D:1      | Reached XP level 1. HP: 17/17 MP: 6/6
   300 | D:1      | Reached XP level 2. HP: 23/23 MP: 5/7
   303 | D:1      | Learned a level 2 spell: Wereblood
  1004 | D:2      | Reached skill level 5 in Spellcasting
  1004 | D:2      | Reached XP level 3. HP: 24/28 MP: 7/9
  1008 | D:2      | Learned a level 3 spell: Spider Form
  1052 | D:2      | Reached skill level 1 in Invocations
  1097 | D:2      | Reached skill level 1 in Short Blades
  1097 | D:2      | Reached skill level 1 in Long Blades
  1097 | D:2      | Reached skill level 1 in Axes
  1097 | D:2      | Reached skill level 1 in Maces & Flails
  1097 | D:2      | Reached skill level 1 in Polearms
  1097 | D:2      | Reached skill level 1 in Staves
  1097 | D:2      | Reached skill level 1 in Ranged Weapons
  1097 | D:2      | Reached skill level 1 in Throwing
  1097 | D:2      | Reached skill level 1 in Armour
  1097 | D:2      | Reached skill level 1 in Stealth
  1097 | D:2      | Reached skill level 1 in Shields
  1097 | D:2      | Reached skill level 1 in Evocations
  1357 | D:2      | Found a faded altar of an unknown god.
  1438 | D:2      | Reached XP level 4. HP: 30/34 MP: 9/11
  1866 | D:3      | Reached skill level 1 in Conjurations
  1866 | D:3      | Reached skill level 1 in Hexes
  1866 | D:3      | Reached skill level 1 in Summonings
  1866 | D:3      | Reached skill level 1 in Necromancy
  1866 | D:3      | Reached skill level 1 in Translocations
  1866 | D:3      | Reached skill level 1 in Fire Magic
  1866 | D:3      | Reached skill level 1 in Ice Magic
  1866 | D:3      | Reached skill level 1 in Air Magic
  1866 | D:3      | Reached skill level 1 in Earth Magic
  1866 | D:3      | Reached skill level 1 in Poison Magic
  2110 | D:3      | Noticed Jessica
  2120 | D:3      | Killed Jessica
  2565 | D:4      | Reached XP level 5. HP: 40/40 MP: 8/12
  2652 | D:4      | You fall into a shaft and drop 3 floors!
  2668 | D:6      | Identified the +3 leather armour of the Ferocious God
                  | {rElec rPois rF+}
  2758 | D:5      | Entered Level 5 of the Dungeon
  2769 | D:5      | Reached XP level 6. HP: 41/47 MP: 11/14
  2794 | D:5      | Found a shimmering altar of Xom.
  2872 | D:5      | Reached skill level 5 in Dodging
  2886 | D:5      | Noticed a sky beast
  2906 | D:5      | Killed a sky beast
  2970 | D:5      | HP: 3/70 [poisoned by a scorpion]
  2970 | D:5      | Slain by a scorpion

Illustrated notes

Levels and vault maps discovered:
D:1:      dpeg_arrival_ratfight, layout_loops_corners
D:2:      layout_rooms, shapermc_ecumenical_altar_starsandcircs
D:3:      layout_basic, uniq_jessica
D:4:      layout_layer_cave, palyth_stone_intersect
D:5:      layout_cave_pools, amcnicky_altar_gilded,
          nicolae_shop_sticking_my_neck_out
D:6:      layout_loops_cross, grunt_ministairs_6
D:7:      layout_basic, minmay_temple_entry_overgrown,
          nicolae_concentric_dashed_squares_mild, uniq_menkaure

Skill      XL: |  1  2  3  4  5  6 |
---------------+-------------------+-----
Spellcasting   | 5 |  5.5
Invocations    | 1 2 |  2.5
Short Blades   | 1 2 |  2.2
Long Blades    | 1 2 |  2.2
Axes           | 1 2 |  2.2
Maces & Flails | 1 2 |  2.2
Polearms       | 1 2 |  2.2
Staves         | 1 2 |  2.2
Ranged Weapons | 1 2 |  2.2
Throwing       | 1 2 |  2.2
Armour         | 1 2 |  2.2
Stealth        | 1 2 |  2.2
Shields        | 1 2 |  2.2
Evocations     | 1 2 |  2.2
Conjurations   | 1 |  1.8
Hexes          | 1 |  1.8
Summonings     | 1 |  1.8
Necromancy     | 1 |  1.8
Translocations | 1 |  1.8
Fire Magic     | 1 |  1.8
Ice Magic      | 1 |  1.8
Air Magic      | 1 |  1.8
Earth Magic    | 1 |  1.8
Poison Magic   | 1 |  1.8
Fighting       | 3 |  3.4
Transmutations | 4 |  4.2
Dodging        | 5 |  5.1
Unarmed Combat | |  6.9

Action                   |  1- 3 |  4- 6 || total
-------------------------+-------+-------++-------
Melee: Unarmed           |    81 |    93 ||   174
       Kick              |    17 |     5 ||    22
       Headbutt          |     8 |     3 ||    11
       Bite              |     4 |     4 ||     8
       Punch             |     1 |     1 ||     2
 Cast: Beastly Appendage |    24 |     7 ||    31
       Wereblood         |     2 |       ||     2
       Spider Form       |       |    13 ||    13
  Use: Scroll            |       |     3 ||     3
       Potion            |       |     2 ||     2
 Stab: Sleeping          |     3 |     1 ||     4
Armor: Robe              |    11 |     9 ||    20
       Skin              |       |     9 ||     9
Dodge: Dodged            |    57 |    82 ||   139

Table legend: (Time is in decaauts)
 A = Elapsed time spent in this place.
 B = Non-inter-level travel time spent in this place.
 C = Inter-level travel time spent in this place.
 D = Time resting spent in this place.
 E = Time spent auto-exploring this place.
 F = Levels seen in this place.
 G = Mean time per level.
                   A        B        C        D        E       F      G
               +--------+--------+--------+--------+--------+-----+--------+
         Total |   2950 |   2907 |     43 |     19 |   2363 |   7 |  421.4 |
       Dungeon |   2950 |   2907 |     43 |     19 |   2363 |   7 |  421.4 |
               +--------+--------+--------+--------+--------+-----+--------+

Top non-repeatable levels by time:
     D:3: 970 daAuts
     D:1: 947 daAuts
     D:2: 615 daAuts
     D:5: 206 daAuts
     D:4: 104 daAuts
     D:6: 93 daAuts
     D:7: 11 daAuts
